 Dungeon Crawl Stone Soup version 0.29.1-12-g30fa7ad0bf (webtiles) character file.

Game seed: 527441657976067693

2 growler the Charlatan (level 1, -1/15 HPs)
             Began as a Demonspawn Wanderer on Jan 10, 2023.
             Slain by a ball python (2 damage)
             ... on level 2 of the Dungeon.
             The game lasted 00:01:02 (88 turns).

growler the Charlatan (Demonspawn Wanderer)           Turns: 88, Time: 00:01:03

Health: -1/15      AC:  3    Str: 13    XL:     1   Next: 25%
Magic:  1/1        EV:  7    Int: 12    God:
Gold:   8          SH:  3    Dex: 12    Spells: 0/0 levels left

rFire   . . .      SeeInvis .   a - +0 club
rCold   . . .      Faith    .   c - +0 buckler
rNeg    . . .      Spirit   .   e - +0 leather armour
rPois   .          Reflect  .   (no helmet)
rElec   .          Harm     .   (no cloak)
rCorr   .          Rampage  .   (no gloves)
Will    .....                   (no boots)
Stlth   +.........              (no amulet)
HPRegen 0.05/turn               (no ring)
MPRegen 0.07/turn               (no ring)

@: constricted
A: no striking features
a: no special abilities


You were on level 2 of the Dungeon.
You visited 1 branch of the dungeon, and saw 2 of its levels.

You collected 8 gold pieces.

Inventory:

Hand Weapons
 a - a +0 club (weapon)
Armour
 c - a +0 buckler (worn)
 e - a +0 leather armour (worn)
Wands
 f - a wand of polymorph (13) (quivered)
Potions
 b - a potion of attraction
 d - a potion of invisibility


   Skills:
 + Level 1.3 Fighting
 - Level 1.0 Stealth
 - Level 1.0 Shields
 - Level 1.7 Unarmed Combat
 - Level 5.0 Evocations


You couldn't memorise any spells.
You didn't know any spells.
Your spell library was empty.

Dungeon Overview and Level Annotations

Branches:
Dungeon (2/15)

Altars:


Message History

You kill the ball python!
The adder returns to its original shape as it dies.
You see here an adder corpse.
You now have 8 gold pieces.
You see here an adder corpse.
A ball python comes into view.
The ball python hisses angrily.
The ball python closely misses you. The ball python barely misses you.
You hit the ball python.
The ball python is moderately wounded.
The ball python barely misses you. The ball python grabs you.
The ball python constricts you. The ball python barely misses you.
The ball python constricts you.
You closely miss the ball python.
The ball python is moderately wounded.
The ball python bites you. The ball python constricts you.
You hit the ball python.
The ball python is heavily wounded.
The ball python bites you. The ball python constricts you.
The ball python completely misses you. The ball python constricts you.
You closely miss the ball python.
The ball python is heavily wounded.
The ball python barely misses you. The ball python constricts you.
You closely miss the ball python.
The ball python is heavily wounded.
The ball python closely misses you. The ball python constricts you.
The ball python bites you. The ball python constricts you.
* * * LOW HITPOINT WARNING * * *
You closely miss the ball python.
The ball python is heavily wounded.
The ball python bites you but does no damage.
The ball python constricts you.
* * * LOW HITPOINT WARNING * * *
The ball python bites you.
* * * LOW HITPOINT WARNING * * *
The ball python constricts you.
You closely miss the ball python.
The ball python is heavily wounded.
The ball python bites you.
You die...

### #.########
#........# #.######.#
#†# #.# #.# #.#####
##.######.....##########
................@S......
.........####+##########
.........# .........#
.........# ##.#######
#.# #.#


You could see a ball python.

Vanquished Creatures
  2 ball pythons (D:2)
2 creatures vanquished.

Notes
Turn   | Place    | Note
-------+----------+-------------------------------------------
     0 | D:1      | growler the Demonspawn Wanderer began the quest for the
                  | Orb.
     0 | D:1      | growler set off with the following items: a +0 club, a
                  | potion of attraction, a +0 buckler, a potion of
                  | invisibility, a +0 leather armour, a wand of polymorph
                  | (14).
     0 | D:1      | Reached XP level 1. HP: 15/15 MP: 1/1
     3 | D:1      | You fall into a shaft and drop 1 floor!
    88 | D:2      | Slain by a ball python

Illustrated notes

Levels and vault maps discovered:
D:1:      onia_arrival_mini_spirals, layout_basic
D:2:      layout_basic, uniq_natasha

Action                   || total
-------------------------++-------
Melee: Club              ||    12
Evoke: Wand              ||     1
Armor: Leather armour    ||     2
Dodge: Dodged            ||    12
Block: Buckler           ||     1
